cohdb
Replays
Latest Replays
All Replays
Popular Replays
Top Player Replays
Match Explorer
How It Works
Community
CoH3 Stats
Reddit
Sign in to upload your games and track your stats! →
Sign in with Steam
Match 43266280
Unlisted
Match 43266280
Overview
Messages
Build Orders
End
Construct Infanterie Kompanie
Selects Breakthrough Battlegroup
Selects Assault Grenadiers
Grenadier Squad
Grenadier Squad
Grenadier Squad
Grenadier Squad
Infanterie Officer Quarters
Medical Station
Selects Breakthrough
Construct Luftwaffe Kompanie
Jäger Squad
Selects Mechanized Assault Group
Support Elements
Luftwaffe Officer Quarters
Selects Rapid Production
Marder III M Tank Destroyer
Marder III M Tank Destroyer
Selects Blitzkrieg
Wirbelwind Flakpanzer
Wirbelwind Flakpanzer
Jäger Squad
Construct Panzergrenadier Kompanie
Construct Panzer Kompanie
Stoßtruppen Squad
Stoßtruppen Squad
Repair Bunker
Sturmpanzer IV Brummbär
Panzer IV Medium Tank
Panzer IV Medium Tank
Selects Tiger Heavy Tank
Panzer Officer Quarters
星空夜貓
19禁
modo_hiyaku
lplp4943718
Kellock93
De.Z.Yang.Schmidt
Qurend.
qqnn1202
0
0
Comments
sign in to comment!
No comments posted yet!